TOP OF THE 1ST |
Jersey Shore D-Bags batting - Pitching for Springfield Stars : RHP Kyu-pyeong Pak
|
Pitching: RHP Kyu-pyeong Pak
|
|
Batting: RHB Ricardo González
|
0-0: Ball 1-0: Called Strike 1-1: Ball 2-1: Ground out 6-3 (Groundball, 6)
|
Batting: RHB Millard Boyd
|
0-0: Ball 1-0: Ball 2-0: Swinging Strike 2-1: Ball 3-1: Foul Ball, location: 2F 3-2: Strikes out looking
|
Batting: LHB Dave Dodd
|
0-0: Called Strike 0-1: Ball 1-1: Ball 2-1: Swinging Strike 2-2: Strikes out swinging
|
Top of the 1st over - 0 run(s), 0 hit(s), 0 error(s), 0 left on base; Jersey Shore 0 - Springfield 0 |
BOTTOM OF THE 1ST |
Springfield Stars batting - Pitching for Jersey Shore D-Bags : RHP Roland Martin
|
Pitching: RHP Roland Martin
|
|
Batting: SHB Shane Hutchinson
|
0-0: SOLO HOME RUN (Flyball, 89XD), Distance : 405 ft
|
Batting: RHB Norberto Taváres
|
0-0: Ball 1-0: Ball 2-0: Ball 3-0: Called Strike 3-1: Base on Balls
|
Batting: LHB Derek Davidson
|
0-0: Ball 1-0: Called Strike 1-1: Ball 2-1: Ball 3-1: Foul Ball, location: 2F 3-2: Foul Ball, location: 2F 3-2: Fly out, F8 (Flyball, 8RD)
|
Batting: LHB Felipe Guerrero
|
0-0: Ball 1-0: Ball 2-0: Called Strike 2-1: Ball 3-1: Foul Ball, location: 2F 3-2: Foul Ball, location: 2F 3-2: Strikes out swinging
|
Batting: RHB Juan Rodríguez
|
0-0: Ball 1-0: Ball 2-0: Called Strike 2-1: SINGLE (Groundball, 56D) Norberto Taváres to second
|
Batting: RHB Juan Carlos Rodríguez
|
0-0: Ball 1-0: Swinging Strike 1-1: Ball 2-1: Swinging Strike 2-2: Strikes out swinging
|
Bottom of the 1st over - 1 run(s), 2 hit(s), 0 error(s), 2 left on base; Jersey Shore 0 - Springfield 1 |
TOP OF THE 2ND |
Jersey Shore D-Bags batting - Pitching for Springfield Stars : RHP Kyu-pyeong Pak
|
Batting: RHB Matt Doyle
|
0-0: Called Strike 0-1: Ball 1-1: Ball 2-1: Foul Ball, location: 2F 2-2: Foul Ball, location: 2F 2-2: Ball 3-2: Ground out 4-3 (Groundball, 4)
|
Batting: LHB Robert Phillips
|
0-0: Called Strike 0-1: Ball 1-1: Ball 2-1: Ground out 5-3 (Groundball, 56)
|
Batting: RHB Miguel Serna
|
0-0: Ball 1-0: Ball 2-0: Ball 3-0: Called Strike 3-1: Called Strike 3-2: DOUBLE (Line Drive, 8LXD)
|
Batting: LHB Dave Watt
|
0-0: Called Strike 0-1: Ball 1-1: Ball 2-1: Ball 3-1: Swinging Strike 3-2: Strikes out swinging
|
Top of the 2nd over - 0 run(s), 1 hit(s), 0 error(s), 1 left on base; Jersey Shore 0 - Springfield 1 |
BOTTOM OF THE 2ND |
Springfield Stars batting - Pitching for Jersey Shore D-Bags : RHP Roland Martin
|
Batting: LHB Yoshiaki Ohayashi
|
0-0: Ground out 6-3 (Groundball, 6)
|
Batting: RHB Alberto Campos
|
0-0: Called Strike 0-1: Fly out, F6 (Line Drive, 6)
|
Batting: LHB Jesús Tobías
|
0-0: Called Strike 0-1: Called Strike 0-2: Foul Ball, location: 2F 0-2: Ground out 3-1 (Groundball, 34)
|
Bottom of the 2nd over - 0 run(s), 0 hit(s), 0 error(s), 0 left on base; Jersey Shore 0 - Springfield 1 |
TOP OF THE 3RD |
Jersey Shore D-Bags batting - Pitching for Springfield Stars : RHP Kyu-pyeong Pak
|
Batting: RHB Owen Carter
|
0-0: Foul Ball, location: 2F 0-1: Ball 1-1: Swinging Strike 1-2: Foul Ball, location: 2F 1-2: Ball 2-2: Strikes out swinging
|
Batting: RHB Cy Keynes
|
0-0: Called Strike 0-1: Ball 1-1: Ball 2-1: Ball 3-1: Foul Ball, location: 2F 3-2: Foul Ball, location: 2F 3-2: Ground out 4-3 (Groundball, 4)
|
Batting: RHB Ricardo González
|
0-0: Swinging Strike 0-1: Ball 1-1: Ground out 6-3 (Groundball, 6)
|
Top of the 3rd over - 0 run(s), 0 hit(s), 0 error(s), 0 left on base; Jersey Shore 0 - Springfield 1 |
BOTTOM OF THE 3RD |
Springfield Stars batting - Pitching for Jersey Shore D-Bags : RHP Roland Martin
|
Batting: SHB Shane Hutchinson
|
0-0: Ball 1-0: Ground out 4-3 (Groundball, 13)
|
Batting: RHB Norberto Taváres
|
0-0: Foul Ball, location: 2F 0-1: Foul Ball, location: 2F 0-2: Ball 1-2: Fly out, F7 (Flyball, 7S)
|
Batting: LHB Derek Davidson
|
0-0: Called Strike 0-1: Foul Ball, location: 2F 0-2: Foul Ball, location: 2F 0-2: Ball 1-2: Strikes out swinging
|
Bottom of the 3rd over - 0 run(s), 0 hit(s), 0 error(s), 0 left on base; Jersey Shore 0 - Springfield 1 |
TOP OF THE 4TH |
Jersey Shore D-Bags batting - Pitching for Springfield Stars : RHP Kyu-pyeong Pak
|
Batting: RHB Millard Boyd
|
0-0: Called Strike 0-1: Ball 1-1: Called Strike 1-2: Strikes out swinging
|
Batting: LHB Dave Dodd
|
0-0: Fly out, F6 (Popup, 6D)
|
Batting: RHB Matt Doyle
|
0-0: Ball 1-0: Ball 2-0: Called Strike 2-1: Foul Ball, location: 2F 2-2: Ground out 5-3 (Groundball, 5)
|
Top of the 4th over - 0 run(s), 0 hit(s), 0 error(s), 0 left on base; Jersey Shore 0 - Springfield 1 |
BOTTOM OF THE 4TH |
Springfield Stars batting - Pitching for Jersey Shore D-Bags : RHP Roland Martin
|
Batting: LHB Felipe Guerrero
|
0-0: Ball 1-0: Swinging Strike 1-1: Foul Ball, location: 2F 1-2: Foul Ball, location: 2F 1-2: Fly out, F8 (Flyball, 8RD)
|
Batting: RHB Juan Rodríguez
|
0-0: Ground out 4-3 (Groundball, 6MS)
|
Batting: RHB Juan Carlos Rodríguez
|
0-0: Called Strike 0-1: Ball 1-1: Ground out U3 (Groundball, 3S)
|
Bottom of the 4th over - 0 run(s), 0 hit(s), 0 error(s), 0 left on base; Jersey Shore 0 - Springfield 1 |
TOP OF THE 5TH |
Jersey Shore D-Bags batting - Pitching for Springfield Stars : RHP Kyu-pyeong Pak
|
Batting: LHB Robert Phillips
|
0-0: Fly out, F8 (Flyball, 8LD)
|
Batting: RHB Miguel Serna
|
0-0: Called Strike 0-1: Foul Ball, location: 2F 0-2: Strikes out swinging
|
Batting: LHB Dave Watt
|
0-0: Ball 1-0: Foul Ball, location: 2F 1-1: Swinging Strike 1-2: Strikes out swinging passed ball, reaches first!
|
Batting: RHB Owen Carter
|
0-0: Ball 1-0: Called Strike 1-1: Ball 2-1: Swinging Strike 2-2: Ball 3-2: Foul Ball, location: 2F 3-2: Ground out 6-3 (Groundball, 6S)
|
Top of the 5th over - 0 run(s), 0 hit(s), 0 error(s), 1 left on base; Jersey Shore 0 - Springfield 1 |
BOTTOM OF THE 5TH |
Springfield Stars batting - Pitching for Jersey Shore D-Bags : RHP Roland Martin
|
Batting: LHB Yoshiaki Ohayashi
|
0-0: Ball 1-0: Ball 2-0: Ball 3-0: Foul Ball, location: 2F 3-1: Base on Balls
|
Batting: RHB Alberto Campos
|
0-0: Fly out, F6 (Popup, 6)
|
Batting: LHB Jesús Tobías
|
0-0: Ball 1-0: Ball 2-0: Called Strike 2-1: Foul Ball, location: 2F 2-2: Strikes out swinging
|
Batting: SHB Shane Hutchinson
|
0-0: 2-RUN HOME RUN (Flyball, 89XD), Distance : 429 ft
|
Batting: RHB Norberto Taváres
|
0-0: Ball 1-0: SINGLE (Groundball, 56D) (infield hit)
|
Batting: LHB Derek Davidson
|
0-0: Ball Norberto Taváres steals 2nd base 1-0: Foul Ball, location: 2F 1-1: Ball 2-1: Ball 3-1: Fly out, F9 (Flyball, 89XD)
|
Bottom of the 5th over - 2 run(s), 2 hit(s), 0 error(s), 1 left on base; Jersey Shore 0 - Springfield 3 |
TOP OF THE 6TH |
Jersey Shore D-Bags batting - Pitching for Springfield Stars : RHP Kyu-pyeong Pak
|
Batting: RHB Cy Keynes
|
0-0: Fly out, F8 (Flyball, 89D)
|
Batting: RHB Ricardo González
|
0-0: Called Strike 0-1: Foul Ball, location: 2F 0-2: Ball 1-2: SINGLE (Groundball, 6M)
|
Batting: RHB Millard Boyd
|
0-0: Ball 1-0: Called Strike 1-1: Called Strike 1-2: Strikes out looking Ricardo González steals 2nd base Batter strikes out.
|
Batting: LHB Dave Dodd
|
0-0: Called Strike 0-1: DOUBLE (Line Drive, 5D) Ricardo González scores
|
Batting: RHB Matt Doyle
|
0-0: Ground out 5-3 (Groundball, 5L)
|
Top of the 6th over - 1 run(s), 2 hit(s), 0 error(s), 1 left on base; Jersey Shore 1 - Springfield 3 |
BOTTOM OF THE 6TH |
Springfield Stars batting - Pitching for Jersey Shore D-Bags : RHP Roland Martin
|
Batting: LHB Felipe Guerrero
|
0-0: Foul Ball, location: 2F 0-1: Ball 1-1: Ball 2-1: Ball 3-1: Foul Ball, location: 2F 3-2: Foul Ball, location: 2F 3-2: SOLO HOME RUN (Flyball, 89XD), Distance : 445 ft
|
Batting: RHB Juan Rodríguez
|
0-0: Ball 1-0: SINGLE (Groundball, 56D)
|
Batting: RHB Juan Carlos Rodríguez
|
0-0: Ball 1-0: Called Strike 1-1: Called Strike 1-2: Ball 2-2: SINGLE (Line Drive, 56D) Juan Rodríguez to second
|
Batting: LHB Yoshiaki Ohayashi
|
0-0: Swinging Strike 0-1: Fly out, F9 (Line Drive, 9M) Runner from 2nd tags up, OUT at 3rd
|
Batting: RHB Alberto Campos
|
0-0: Ball 1-0: Ball 2-0: Ball 3-0: Called Strike 3-1: Fielders Choice at 2nd, 6-4 (Groundball, 6)
|
Bottom of the 6th over - 1 run(s), 3 hit(s), 0 error(s), 0 left on base; Jersey Shore 1 - Springfield 4 |
TOP OF THE 7TH |
Jersey Shore D-Bags batting - Pitching for Springfield Stars : RHP Kyu-pyeong Pak
|
Batting: LHB Robert Phillips
|
0-0: Called Strike 0-1: Ball 1-1: Ball 2-1: Ball 3-1: Fly out, F8 (Flyball, 8LM)
|
Batting: RHB Miguel Serna
|
0-0: Called Strike 0-1: SINGLE (Line Drive, 56D)
|
Pitching: RHP Jorge Delgado
|
|
Batting: LHB Dave Watt
|
0-0: Ball 1-0: Called Strike 1-1: Ball 2-1: Foul Ball, location: 2F 2-2: Strikes out swinging
|
Batting: RHB Owen Carter
|
0-0: Called Strike Miguel Serna steals 2nd base 0-1: Called Strike 0-2: Foul Ball, location: 2F 0-2: Foul Ball, location: 2F 0-2: Ball 1-2: Foul Ball, location: 2F 1-2: Strikes out swinging
|
Top of the 7th over - 0 run(s), 1 hit(s), 0 error(s), 1 left on base; Jersey Shore 1 - Springfield 4 |
BOTTOM OF THE 7TH |
Springfield Stars batting - Pitching for Jersey Shore D-Bags : RHP Roland Martin
|
Pitching: RHP Paco Gutiérrez
|
|
Batting: LHB Jesús Tobías
|
0-0: Called Strike 0-1: Ball 1-1: Foul Ball, location: 2F 1-2: Ball 2-2: Ball 3-2: Foul Ball, location: 2F 3-2: Ground out U3 (Groundball, 3)
|
Batting: SHB Shane Hutchinson
|
0-0: Ball 1-0: Called Strike 1-1: Ball 2-1: Ball 3-1: Base on Balls
|
Batting: RHB Norberto Taváres
|
0-0: Called Strike 0-1: Ball 1-1: Ball 2-1: Ball Shane Hutchinson steals 2nd base 3-1: SINGLE (Line Drive, 9LS) Shane Hutchinson to third
|
Batting: LHB Derek Davidson
|
0-0: Ball 1-0: SINGLE (Groundball, 34D) Shane Hutchinson scores Norberto Taváres to second Runner from 2nd tries for 3rd, SAFE, throw made to third
|
Batting: LHB Felipe Guerrero
|
0-0: Ball 1-0: Foul Ball, location: 2F 1-1: Foul Ball, location: 2F 1-2: Foul Ball, location: 2F 1-2: Ball 2-2: Grounds out, U3 (Groundball, 3L) Norberto Taváres scores
|
Batting: RHB Juan Rodríguez
|
0-0: Intentional Walk
|
Batting: RHB Juan Carlos Rodríguez
|
0-0: Ball 1-0: Called Strike 1-1: Ball 2-1: Ball 3-1: Reached on error, E5 (Groundball, 56S) Derek Davidson to third Juan Rodríguez to second
|
Batting: LHB Yoshiaki Ohayashi
|
0-0: Swinging Strike 0-1: GRAND SLAM HOME RUN (Flyball, 78XD), Distance : 437 ft
|
Pitching: RHP Johnathan Phillips
|
|
Batting: RHB Alberto Campos
|
0-0: Called Strike 0-1: Swinging Strike 0-2: Ball 1-2: Strikes out swinging
|
Bottom of the 7th over - 6 run(s), 3 hit(s), 1 error(s), 0 left on base; Jersey Shore 1 - Springfield 10 |
TOP OF THE 8TH |
Jersey Shore D-Bags batting - Pitching for Springfield Stars : RHP Jorge Delgado
|
Now at 2B: David García
|
|
Pinch Hitting: LHB Pat Zimmerman
|
0-0: SINGLE (Flyball, 78M)
|
Batting: RHB Ricardo González
|
0-0: Ball 1-0: Called Strike 1-1: SINGLE (Line Drive, 89S) Pat Zimmerman to second
|
Batting: RHB Millard Boyd
|
0-0: Ball 1-0: Swinging Strike 1-1: Ball 2-1: Ball 3-1: Fly out, F3 (Popup, 23F)
|
Batting: LHB Dave Dodd
|
0-0: Ball 1-0: Ball 2-0: SINGLE (Flyball, 7S) Pat Zimmerman to third Ricardo González to second Runner from 3rd tries for Home, throw and OUT!
|
Batting: RHB Matt Doyle
|
0-0: Called Strike 0-1: Fly out, F4 (Popup, 3D)
|
Top of the 8th over - 0 run(s), 3 hit(s), 0 error(s), 2 left on base; Jersey Shore 1 - Springfield 10 |
BOTTOM OF THE 8TH |
Springfield Stars batting - Pitching for Jersey Shore D-Bags : RHP Johnathan Phillips
|
Now in RF: Pat Zimmerman
|
|
Batting: LHB Jesús Tobías
|
0-0: Ball 1-0: Foul Ball, location: 2F 1-1: Ball 2-1: Swinging Strike 2-2: Ground out 6-3 (Groundball, 6M)
|
Batting: SHB Shane Hutchinson
|
0-0: Ball 1-0: Ball 2-0: Called Strike 2-1: Ball 3-1: Swinging Strike 3-2: Foul Ball, location: 2F 3-2: Foul Ball, location: 2F 3-2: Foul Ball, location: 2F 3-2: Base on Balls
|
Batting: RHB Norberto Taváres
|
0-0: Called Strike 0-1: Ball 1-1: Swinging Strike 1-2: Strikes out looking
|
Batting: LHB Derek Davidson
|
0-0: Called Strike 0-1: Swinging Strike 0-2: Strikes out swinging
|
Bottom of the 8th over - 0 run(s), 0 hit(s), 0 error(s), 1 left on base; Jersey Shore 1 - Springfield 10 |
TOP OF THE 9TH |
Jersey Shore D-Bags batting - Pitching for Springfield Stars : RHP Jorge Delgado
|
Batting: LHB Robert Phillips
|
0-0: Ball 1-0: Ball 2-0: SINGLE (Line Drive, 4MD)
|
Pinch Hitting: RHB Wilson Martínez
|
0-0: Called Strike 0-1: Ball 1-1: SINGLE (Groundball, 6MD) (infield hit) Robert Phillips to second
|
Batting: LHB Dave Watt
|
0-0: Called Strike 0-1: Hit by Pitch Robert Phillips to third Wilson Martínez to second
|
Batting: RHB Owen Carter
|
0-0: Ball 1-0: Called Strike 1-1: Foul Ball, location: 2F 1-2: Ball 2-2: Strikes out swinging
|
Batting: LHB Pat Zimmerman
|
0-0: Ball 1-0: Foul Ball, location: 2F 1-1: Called Strike 1-2: Strikes out looking
|
Batting: RHB Ricardo González
|
0-0: Ball 1-0: Ball 2-0: Ball 3-0: Base on Balls Robert Phillips scores Wilson Martínez to third Dave Watt to second
|
Batting: RHB Millard Boyd
|
0-0: Ball 1-0: Foul Ball, location: 2F 1-1: Ball 2-1: Foul Ball, location: 2F 2-2: Ball 3-2: Foul Ball, location: 2F 3-2: Foul Ball, location: 2F 3-2: SINGLE (Groundball, 5D) (infield hit) Wilson Martínez scores Dave Watt to third Ricardo González to second
|
Batting: LHB Dave Dodd
|
0-0: Called Strike 0-1: SINGLE (Line Drive, 89M) Dave Watt scores Ricardo González to third Millard Boyd to second Runner from 3rd tries for Home, SAFE, throw made home Millard Boyd to third Dave Dodd to second
|
Pitching: RHP Luis Cortéz
|
|
Batting: RHB Matt Doyle
|
0-0: Ball 1-0: Fly out, F9 (Flyball, 89M)
|
Top of the 9th over - 4 run(s), 4 hit(s), 0 error(s), 2 left on base; Jersey Shore 5 - Springfield 10 |
|